Map: 光與影 - 天梯版

Players

Naxin

  • Race: Terran Terran
  • Spawn Location: 11:00

Yoger - Winner!

  • Race: Zerg Zerg
  • League: Master
  • Spawn Location: 5:00

Event: DreamHack SC2 Masters 2020 Winter

VOD

Have the link to the VOD?

Description

Time

  • Played on: Oct. 15, 2020, 7:40 a.m.
  • Length: 22:51

All games in this series

Show
View Real Time Build Order
Export as new Build Order

Naxin Terran 

Build Orders: Reaper Expand 

Get SALT Encoding   

  12  0:00  SCV  
  13  0:12  SCV  
  14  0:18  Supply Depot  
  14  0:24  SCV  
  15  0:40  SCV  
  15  0:41  Barracks  
  16  0:47  Refinery  
  16  0:52  SCV  
  17  1:04  SCV  
  18  1:16  SCV  
  19  1:28  Orbital Command  
  19  1:30  Reaper  
  20  1:41  Command Center  
  20  1:55  Supply Depot  
  20  1:56  SCV  
  21  2:02  Marine  
  21  2:07  Factory  
  22  2:11  SCV  
  23  2:23  SCV  
  24  2:35  SCV  
  25  2:43  Command Center  
  25  2:47  SCV  
  26  2:52  Orbital Command  
  26  2:58  Starport  
  26  3:01  Factory Reactor  
  26  3:06  Refinery  
  26  3:08  SCV  
  27  3:20  SCV  
  27  3:24  SCV  
  29  3:32  SCV  
  29  3:36  Starport Tech Lab  
  29  3:38  Hellion x2  
  29  3:40  Orbital Command  
  29  3:41  SCV  
  33  3:44  SCV  
  33  3:46  Orbital Command  
  34  3:52  Orbital Command  
  34  3:55  Orbital Command  
  34  3:58  SCV  
  34  3:59  Fusion Core  
  34  4:00  Hellion x2  
  39  4:11  SCV  
  38  4:26  SCV  
  38  4:27  SCV  
  38  4:28  Hellion x2  
  47  4:33  Supply Depot  
  47  4:36  Marine  
  48  4:41  SCV x3  
  51  4:48  Battlecruiser  
  54  4:53  SCV, Hellion x2  
  54  4:56  SCV  
  54  4:58  Supply Depot, SCV  
  61  5:05  SCV  
  62  5:08  SCV  
  64  5:14  Hellion x2  
  64  5:17  Armory  
  64  5:19  SCV, Orbital Command  
  64  5:20  SCV  
  64  5:21  Supply Depot  
  69  5:22  Refinery  
  69  5:23  Refinery  
  69  5:30  Supply Depot  
  69  5:31  SCV  
  69  5:32  SCV  
  71  5:36  Hellion x2  
  75  5:43  SCV  
  75  5:44  SCV  
  77  5:50  SCV  
  77  5:54  Supply Depot  
  77  5:55  SCV  
  79  5:57  Hellion x2  
  79  5:59  Battlecruiser  
  79  6:01  SCV  
  79  6:02  SCV  
  91  6:09  SCV  
  92  6:18  Hellion  
  92  6:19  Hellion  
  92  6:21  SCV x2  
  80  6:29  Factory  
  80  6:30  SCV, Command Center  
  80  6:31  Factory  
  81  6:33  SCV  
  81  6:35  Refinery  
  81  6:36  Refinery  
  84  6:40  Hellion x2  
  84  6:45  Hellion x2  
  84  6:46  SCV x3, Hellion x2  
  89  6:50  Barracks Tech Lab  
  89  6:52  Terran Vehicle Weapons Level 1  
  89  6:54  Supply Depot  
  89  6:55  Factory x2  
  89  6:58  SCV x2  
  91  7:03  Hellion x2  
  91  7:04  SCV  
  96  7:10  SCV x2  
  98  7:16  Supply Depot, SCV, Battlecruiser  
  98  7:22  SCV x2  
  109  7:37  SCV, Cyclone, Engineering Bay  
  109  7:42  Factory Tech Lab, Factory Reactor  
  109  7:43  Factory Reactor  
  105  7:44  Widow Mine x2  
  105  7:49  SCV  
  100  7:52  SCV x3  
  103  8:01  Supply Depot, SCV  
  103  8:04  SCV, Missile Turret  
  105  8:06  Missile Turret  
  105  8:08  Missile Turret  
  105  8:09  Widow Mine x2, Cyclone  
  105  8:10  Missile Turret  
  112  8:17  SCV  
  113  8:20  Battlecruiser  
  113  8:23  Missile Turret  
  113  8:26  Missile Turret  
  119  8:28  Widow Mine  
  119  8:33  Thor  
  127  8:40  SCV x2  
  127  8:48  Supply Depot  
  127  8:51  Refinery  
  127  8:52  Widow Mine x2, Missile Turret  
  127  8:53  Refinery  
  131  8:58  Factory  
  131  8:59  Supply Depot, Factory Tech Lab  
  131  9:00  Planetary Fortress  
  131  9:01  SCV  
  132  9:09  Thor, SCV  
  139  9:12  SCV  
  140  9:18  Terran Vehicle Weapons Level 2  
  140  9:21  Thor, Hellion  
  140  9:22  Supply Depot  
  140  9:23  Armory  
  148  9:26  SCV x3  
  148  9:29  Siege Tank  
  154  9:33  Infernal Pre-Igniter, Drilling Claws  
  151  9:41  Missile Turret  
  151  9:47  Widow Mine x2, Hellion  
  151  9:48  Hellion x2  
  151  9:52  Hellion  
  163  10:06  Supply Depot x2  
  163  10:12  Supply Depot x2  
  162  10:15  Thor  
  160  10:21  SCV x3  
  160  10:26  Siege Tank  
  160  10:28  Battlecruiser  
  167  10:29  Siege Tank  
  170  10:37  SCV  
  161  10:45  SCV x2  
  163  10:53  Widow Mine  
  163  10:56  Hellion x3  
  173  10:58  Siege Tank x2  
  173  11:01  Siege Tank  
  182  11:06  Factory Tech Lab  
  182  11:08  Command Center  
  180  11:16  Terran Vehicle And Ship Armor Level 1, Supply Depot  
  180  11:17  Weapon Refit  
  180  11:19  Hellion x2  
  184  11:30  Thor  
  184  11:31  Siege Tank  
  193  11:37  Supply Depot  
  193  11:38  Battlecruiser  
  199  11:40  Missile Turret  
  199  11:44  Terran Vehicle Weapons Level 3  
  199  11:46  Siege Tank  
  200  11:55  Missile Turret  
  200  11:57  Missile Turret  
  200  11:58  Missile Turret  
  198  12:08  Siege Tank  
  198  12:20  Command Center  
  198  12:22  Command Center  
  198  12:23  Widow Mine  
  198  12:29  Siege Tank x2  
  197  12:30  Siege Tank  
  197  12:34  Hellion  
  188  12:40  Siege Tank  
  191  12:49  Battlecruiser  
  197  12:56  Refinery  
  197  12:57  Refinery  
  173  13:13  Siege Tank x2, Hellion x2  
  173  13:15  Hellion x2  
  168  13:20  Siege Tank x2  
  171  13:30  SCV x3  
  174  13:34  Hellion  
  174  13:40  Sensor Tower  
  176  13:41  Widow Mine  
  176  13:42  Widow Mine  
  176  13:43  Planetary Fortress  
  180  13:48  Orbital Command  
  180  13:56  Thor  
  180  13:59  Hellion  
  186  14:04  Thor  
  189  14:12  SCV  
  189  14:13  SCV  
  189  14:16  Missile Turret  
  191  14:18  Sensor Tower  
  191  14:20  Thor  
  191  14:22  SCV  
  198  14:26  Terran Vehicle And Ship Armor Level 2  
  198  14:27  Terran Ship Weapons Level 1  
  198  14:34  SCV  
  198  14:37  SCV  
  198  14:38  Missile Turret  
  194  14:44  Thor, Hellion x2  
  198  14:46  SCV  
  198  14:48  Sensor Tower  
  199  14:53  Planetary Fortress  
  199  14:57  Missile Turret  
  199  15:25  Refinery x2  
  196  15:29  Thor  
  196  15:30  Thor  
  196  15:31  Hellion  
  196  15:32  Widow Mine x2  
  196  15:33  SCV  
  196  15:35  Hellion  
  181  15:36  Missile Turret, Sensor Tower  
  181  15:37  SCV  
  182  15:45  SCV  
  182  15:46  Thor  
  182  15:48  Siege Tank  
  182  15:49  SCV  
  193  15:58  SCV  
  194  16:10  SCV  
  194  16:11  Hellion x2  
  179  16:12  Thor  
  179  16:13  Siege Tank, Hellion  
  168  16:18  Missile Turret, Hellion  
  168  16:19  Thor  
  168  16:20  Missile Turret  
  174  16:26  Missile Turret  
  174  16:28  Battlecruiser  
  174  16:29  Thor  
  180  16:34  SCV  
  180  16:39  SCV  
  182  16:40  Widow Mine  
  182  16:43  SCV x3  
  182  16:45  Cyclone  
  182  16:46  SCV  
  192  16:47  SCV  
  192  16:55  Thor  
  192  16:59  SCV  
  199  17:27  Siege Tank  
  195  17:34  Hellion x2  
  195  17:36  Hellion x2  
  180  17:42  Hellion  
  180  17:43  Hellion x2  
  183  17:55  Hellion  
  185  17:59  Siege Tank  
  185  18:00  Hellion x2  
  185  18:02  Orbital Command, Hellion  
  188  18:06  Hellion  
  188  18:09  Thor  
  188  18:11  Hellion  
  189  18:17  Hellion  
  170  18:21  Hellion  
  170  18:24  Battlecruiser  
  170  18:25  Hellion x7  
  163  18:27  Command Center  
  163  18:29  Command Center  
  163  18:30  Cyclone  
  163  18:31  Cyclone, Hellion x2  
  163  18:32  Cyclone  
  176  18:35  Factory  
  176  18:37  Factory  
  176  18:38  Terran Ship Weapons Level 2, Hellion  
  176  18:39  Terran Vehicle And Ship Armor Level 3  
  176  18:48  Mag-Field Accelerator  
  176  18:49  Smart Servos  
  176  18:53  Hellion x2  
  174  18:57  Hellion  
  174  18:58  Orbital Command, Hellion  
  174  19:00  Hellion x13  
  178  19:03  Hellion  
  157  19:10  Siege Tank  
  151  19:19  Cyclone x2  
  151  19:20  Hellion x2  
  151  19:22  Siege Tank  
  162  19:36  SCV x2, Hellion x13  
  162  19:37  SCV x2  
  166  19:43  Cyclone  
  165  19:51  Cyclone, Siege Tank  
  165  19:54  Siege Tank  
  160  20:05  SCV  
  159  20:15  Cyclone, Factory Tech Lab  
  159  20:17  SCV  
  163  20:23  Cyclone x2  
  161  20:29  Hellion x6  
  161  20:36  Battlecruiser  
  156  20:44  Cyclone x2  
  158  21:02  Command Center  
  158  21:08  Siege Tank, Hellion x2  
  158  21:09  Cyclone  
  158  21:23  SCV  
  158  21:24  SCV x2  
  161  21:28  Cyclone x2  
  161  21:29  Siege Tank  
  161  21:30  SCV  
  169  21:36  Hellion  
  161  21:40  Siege Tank  
  161  21:41  Hellion x2  
  168  21:53  Siege Tank  
  163  21:58  Hellion  
  163  22:00  Siege Tank x2  
  137  22:06  Hellion x2  
  126  22:11  SCV x4  
  130  22:22  Refinery  
  130  22:27  Hellion x3  
Show
View Real Time Build Order
Export as new Build Order

Yoger Zerg - Winner!

Build Orders: Hatch First, Muta Ling Bane, Swarm Host 

Get SALT Encoding   

  12  0:00  Drone  
  13  0:12  Overlord  
  13  0:21  Drone  
  14  0:32  Drone x2  
  16  0:48  Hatchery  
  15  0:52  Drone  
  15  0:55  Drone  
  17  0:58  Drone  
  18  1:09  Extractor  
  17  1:13  Spawning Pool  
  17  1:16  Drone  
  17  1:19  Drone  
  18  1:29  Drone  
  19  1:41  Drone  
  20  1:51  Overlord  
  20  2:01  Queen x2  
  20  2:02  Zergling x4  
  26  2:10  Metabolic Boost  
  26  2:12  Zergling x4  
  28  2:16  Spore Crawler  
  27  2:23  Drone x2  
  29  2:32  Drone  
  29  2:33  Drone  
  31  2:45  Drone x2  
  33  2:54  Queen  
  35  2:58  Overlord  
  35  2:59  Drone  
  36  3:15  Hatchery  
  35  3:24  Drone x6  
  41  3:31  Drone x2  
  43  3:37  Drone  
  44  3:44  Overlord  
  44  3:46  Overlord  
  44  3:53  Overlord  
  44  4:02  Drone, Queen  
  47  4:04  Drone x3  
  47  4:09  Drone x4  
  54  4:19  Drone  
  54  4:22  Drone x2  
  54  4:24  Drone  
  54  4:29  Queen  
  56  4:33  Drone x3  
  56  4:37  Lair, Queen  
  61  4:40  Drone  
  61  4:41  Drone  
  63  4:46  Baneling Nest  
  63  4:47  Extractor, Zergling x8  
  63  4:50  Zergling x2  
  63  4:51  Zergling x2  
  67  4:56  Overlord  
  67  4:57  Overlord  
  66  5:11  Overlord x2  
  66  5:15  Spore Crawler x2  
  66  5:16  Queen  
  66  5:20  Queen  
  68  5:23  Drone x3  
  68  5:24  Drone x5  
  68  5:25  Zergling x4  
  68  5:26  Zergling x2  
  79  5:34  Drone x4  
  79  5:35  Drone  
  84  5:38  Spire  
  84  5:39  Drone  
  84  5:40  Drone x2  
  86  5:46  Drone x2, Extractor  
  86  5:47  Extractor  
  85  5:53  Extractor  
  85  5:54  Drone  
  85  5:55  Drone x3  
  87  5:59  Queen, Extractor  
  87  6:01  Zergling x6  
  87  6:03  Baneling x4  
  91  6:05  Baneling  
  91  6:07  Queen  
  91  6:11  Baneling x2  
  87  6:22  Drone  
  87  6:23  Drone x7  
  90  6:27  Queen  
  90  6:31  Drone x3  
  90  6:32  Overlord x2  
  91  6:39  Hatchery  
  91  6:40  Hatchery, Overlord  
  91  6:46  Evolution Chamber, Overseer  
  85  6:47  Evolution Chamber  
  85  6:53  Drone x4  
  85  6:54  Drone x2  
  90  7:03  Mutalisk x5  
  90  7:07  Overlord  
  100  7:11  Drone  
  100  7:13  Hatchery  
  100  7:18  Mutalisk x2  
  102  7:25  Mutalisk  
  101  7:33  Mutalisk  
  98  7:44  Drone x6  
  94  7:48  Queen  
  101  7:52  Drone, Roach Warren  
  101  7:55  Drone x5  
  101  7:56  Drone x3, Queen  
  111  7:58  Drone  
  111  7:59  Drone x2  
  114  8:07  Overlord  
  114  8:08  Zerg Melee Weapons Level 1, Zerg Missile Weapons Level 1  
  114  8:10  Drone  
  114  8:11  Drone x2  
  117  8:15  Centrifical Hooks  
  117  8:19  Extractor  
  116  8:22  Extractor  
  115  8:32  Glial Reconstitution  
  115  8:33  Roach  
  115  8:34  Roach x9  
  135  8:42  Hatchery  
  134  8:52  Roach x3  
  134  8:53  Infestation Pit, Roach  
  141  8:57  Overlord  
  141  8:58  Overlord x5  
  141  9:03  Overseer  
  141  9:08  Zergling x2  
  142  9:18  Drone x3  
  142  9:19  Zergling x26  
  142  9:20  Zergling x2  
  142  9:21  Ravager x7  
  142  9:22  Ravager x3  
  142  9:23  Roach x2  
  173  9:32  Ravager x2  
  173  9:33  Zergling x4  
  173  9:34  Zergling x12  
  183  9:40  Hive  
  183  9:44  Baneling x3  
  183  9:45  Baneling x12  
  181  9:50  Overlord x2  
  181  9:54  Corruptor  
  181  9:55  Corruptor  
  185  10:02  Corruptor  
  185  10:03  Corruptor  
  189  10:07  Zerg Flyer Weapons Level 1  
  189  10:10  Corruptor  
  189  10:16  Corruptor  
  171  10:32  Corruptor x2  
  171  10:35  Zergling x10  
  171  10:36  Zergling x24  
  171  10:40  Zergling x22  
  195  10:55  Zergling x2, Ravager  
  195  10:56  Zergling x4  
  199  11:09  Baneling x3  
  199  11:10  Baneling x12  
  199  11:13  Zerg Missile Weapons Level 2, Overseer  
  199  11:14  Zerg Melee Weapons Level 2  
  192  11:42  Zergling x18  
  192  11:45  Overseer x2  
  192  11:46  Pneumatized Carapace  
  199  11:51  Hatchery  
  197  12:07  Zergling x2  
  197  12:08  Zergling x8  
  199  12:17  Baneling x8  
  183  12:35  Roach x4  
  183  12:36  Roach x4  
  184  12:37  Roach, Zergling x2  
  184  12:38  Zergling x32  
  184  12:42  Pathogen Glands  
  184  12:43  Burrow  
  200  12:57  Corruptor  
  200  12:58  Corruptor x3  
  179  13:14  Zergling x18  
  179  13:15  Zergling x24  
  179  13:18  Corruptor x7  
  179  13:19  Corruptor  
  182  13:23  Roach  
  182  13:24  Roach x5  
  192  13:28  Ravager x2  
  194  13:34  Zerg Flyer Weapons Level 2  
  194  13:35  Zerg Melee Weapons Level 3, Zerg Missile Weapons Level 3  
  194  13:37  Baneling  
  194  13:38  Baneling x6, Neural Parasite  
  194  13:39  Roach x3  
  200  13:53  Roach  
  185  14:15  Swarm Host x3  
  185  14:16  Swarm Host x5  
  199  14:27  Spine Crawler  
  199  14:28  Spine Crawler x2  
  190  14:40  Swarm Host  
  190  14:41  Swarm Host x2  
  189  14:49  Baneling x13  
  189  14:50  Baneling  
  189  14:51  Roach x5  
  199  15:07  Spine Crawler  
  199  15:09  Spore Crawler  
  199  15:10  Spore Crawler, Spine Crawler x2  
  194  15:17  Roach  
  194  15:18  Roach  
  194  15:19  Ravager  
  188  15:33  Roach  
  188  15:34  Roach x7, Zergling x16  
  181  15:39  Roach x8  
  192  15:47  Overlord  
  192  15:48  Overlord x2  
  157  16:18  Roach x8  
  149  16:20  Roach x2, Zergling x16  
  149  16:21  Zergling x4  
  149  16:25  Swarm Host x4  
  172  16:32  Swarm Host x2  
  181  16:33  Swarm Host x3  
  181  16:36  Ravager x4  
  200  16:46  Hatchery  
  199  16:47  Ravager  
  200  16:54  Hatchery  
  199  17:10  Zerg Ground Armor Level 1  
  186  17:36  Overlord x2  
  181  17:41  Roach x8  
  197  17:47  Hatchery  
  182  17:57  Roach  
  182  17:58  Roach x2  
  180  17:59  Ravager  
  172  18:08  Swarm Host x2  
  172  18:11  Roach x8  
  184  18:13  Drone  
  184  18:14  Drone x3, Overlord x2  
  180  18:33  Ravager x2  
  182  18:39  Drone  
  182  18:40  Drone x7, Viper, Extractor  
  182  18:41  Drone, Extractor  
  190  19:05  Overlord x2  
  190  19:09  Zergling x10  
  195  19:21  Hatchery  
  195  19:22  Overseer, Ravager  
  195  19:23  Overseer  
  195  19:25  Ravager x2  
  195  19:26  Roach  
  199  19:38  Ravager  
  199  19:45  Roach x4  
  195  19:55  Roach x3  
  197  20:03  Zerg Ground Armor Level 2  
  197  20:07  Extractor  
  193  20:19  Ravager  
  193  20:21  Zergling x10  
  184  20:47  Roach x8  
  178  21:06  Roach x3  
  179  21:12  Swarm Host x2  
  179  21:13  Spine Crawler, Swarm Host  
  179  21:14  Spine Crawler  
  179  21:15  Zergling x18, Spine Crawler, Roach  
  185  21:38  Ravager  
  185  21:39  Ravager x3  
  188  21:41  Overlord x2  
  188  21:44  Drone x3, Spire  
  190  21:52  Roach x2, Zergling x6  
  164  22:04  Roach  
  164  22:05  Roach x6  
  174  22:08  Roach, Zergling x2  
  174  22:09  Zergling x18  
  186  22:16  Ravager  
  186  22:17  Ravager x4  
  186  22:18  Hatchery  
  186  22:21  Hatchery  
  188  22:26  Zergling x2  
  188  22:27  Zergling x16  
Tags
 
Add a new tag
Caveats
  • Supply blocks, unpowered buildings, or Contaminate may cause inaccurate times.
  • Supply counts are checked every 10 seconds.